 Dungeon Crawl Stone Soup version 0.25-a0-316-gd28d56f9c5 (webtiles) character file.

Game seed: 2376066264721177371, levelgen mode: deterministic

1953 MisterFreud the Fighter (level 8, 0/74 HPs)
             Began as a Minotaur Abyssal Knight on Dec 24, 2019.
             Was a Priest of Lugonu.
             Killed by divine providence
             ... invoked by an orc priest
              (12 damage)
             ... on level 6 of the Dungeon.
             The game lasted 00:09:01 (3611 turns).

MisterFreud the Fighter (Minotaur Abyssal Knight)   Turns: 3611, Time: 00:09:02

Health: 0/74       AC: 12    Str: 18    XL:     8   Next: 99%
Magic:  11/11      EV:  9    Int:  9    God:    Lugonu [***...]
Gold:   272        SH:  0    Dex:  9    Spells: 7/7 levels left

rFire    . . .     SeeInvis .   k - +2 whip (flame)
rCold    . . .     Gourm    .   (no shield)
rNeg     . . .     Faith    .   u - +0 chain mail
rPois    .         Spirit   .   p - +1 hat
rElec    .         Reflect  .   (no cloak)
rCorr    .         Harm     .   v - +0 pair of gloves
MR       .....                  (no boots)
Stlth    ..........             y - amulet of regeneration
HPRegen  0.62/turn              w - +2 ring of evasion
MPRegen  0.12/turn              D - -2 ring of dexterity (curse)

@: lightly drained
A: retaliatory headbutt, horns 2
a: Depart the Abyss, Bend Space, Banish, Renounce Religion


You were on level 6 of the Dungeon.
You worshipped Lugonu.
Lugonu was most pleased with you.
You were not hungry.

You visited 1 branch of the dungeon, and saw 6 of its levels.
You visited the Abyss 1 time.

You collected 272 gold pieces.

Inventory:

Hand Weapons
 a - a +1 falchion
 k - a +2 whip of flaming (weapon)
Missiles
 q - 8 boomerangs (quivered)
 B - 4 javelins
Armour
 b - a +0 leather armour
 e - a +0 scale mail
 p - a +1 hat (worn)
 u - a +0 chain mail (worn)
 v - a +0 pair of gloves (worn)
Jewellery
 n - an uncursed amulet of the gourmand
 w - a +2 ring of evasion (left hand)
 y - an amulet of regeneration (around neck)
 D - a cursed -2 ring of dexterity (right hand)
Wands
 j - a wand of flame (11)
 A - a wand of paralysis (5)
Scrolls
 d - 2 scrolls of teleportation
 f - a scroll of fear {unknown}
 l - a scroll of blinking
 r - a scroll of amnesia {unknown}
 C - a scroll of enchant armour
 E - a scroll of noise {unknown}
 G - a scroll of remove curse {unknown}
Potions
 g - 2 potions of haste
 i - 3 potions of brilliance
 m - 2 potions of agility {unknown}
 o - 3 potions of flight
 s - a potion of cancellation
 t - a potion of invisibility {unknown}
 x - a potion of ambrosia
 z - 3 potions of lignification
 F - a potion of curing {unknown}
Comestibles
 c - 10 rations


   Skills:
 - Level 8.1(7.9) Fighting
 - Level 2.4(2.2) Long Blades
 + Level 7.5(7.3) Maces & Flails
 - Level 6.4(6.2) Armour
 - Level 1.1(0.9) Dodging
 - Level 6.0(5.8) Invocations


You had 7 spell levels left.
You didn't know any spells.
Your spell library contained the following spells:

 Spells                   Type           Power        Failure   Level  Hunger
 Animate Skeleton         Necr           N/A          99%         1    ##.....
 Apportation              Tloc           #.....       99%         1    ##.....
 Confusing Touch          Hex            #.....       99%         1    ##.....
 Summon Small Mammal      Summ           #...         99%         1    ##.....


Dungeon Overview and Level Annotations

Branches:
Dungeon (6/15)
 Temple: D:4-7

Altars:
Trog

Annotations:
D:5 1 runed translucent door, Tux's ghost, novice FoEE


Innate Abilities, Weirdness & Mutations

You reflexively headbutt those who attack you in melee.
You have a pair of horns on your head.


Message History

You kill the orc!
Lugonu accepts your kill.
You hit the orc warrior. You burn the orc warrior.
You headbutt the orc warrior, but do no damage.
The orc warrior is almost dead.
The orc warrior barely misses you.
You hit the orc warrior. You burn the orc warrior.
The orc warrior is almost dead.
The orc warrior hits you with a +0 scimitar!
* * * LOW HITPOINT WARNING * * *
You barely miss the orc warrior. You headbutt the orc warrior.
You kill the orc warrior!
Lugonu accepts your kill. The orc barely misses you.
You hit the orc. You burn the orc.
You kill the orc!
Lugonu accepts your kill.
The orc priest mumbles some strange prayers to Beogh against you.
Beogh smites you!
You die...

.# .# .. .. .# ..
o# .### .#.....
##Z#..###
#@)......
#..#..### #..#..#
#.##..# #.##..#
#.##..####
#.<......# #
#.##..##.####.#.#.
#.##...........# #


You could see an orc priest and a quokka skeleton.

Vanquished Creatures
  Pikel (D:6)
  An orc warrior (D:6)
  An ice beast (D:6)
  3 sky beasts
  3 ogres
  A centaur (D:6)
  A bullfrog (D:6)
  3 wights (D:6)
  A crimson imp (D:6)
  3 hounds (D:5)
  A jelly (D:5)
  A centaur skeleton (D:4)
  2 worker ants (D:4)
  10 river rats (D:5)
  11 adders
  A howler monkey skeleton (D:5)
  An ooze (D:1)
  An adder zombie (D:6)
  2 worms
  3 dart slugs
  3 leopard geckos
  5 orcs
  6 bats
  3 giant cockroaches
  6 goblins
  9 hobgoblins
  3 jackals (D:3)
  11 quokkas
  6 frilled lizards
  A kobold (D:1)
  28 rats
132 creatures vanquished.

Notes
Turn   | Place    | Note
-------+----------+-------------------------------------------
     0 | Abyss:1  | MisterFreud the Minotaur Abyssal Knight began the quest for
                  | the Orb.
     0 | Abyss:1  | Reached XP level 1. HP: 19/19 MP: 1/1
     5 | Abyss:1  | Found a corrupted altar of Lugonu.
    78 | Abyss:1  | Noticed an iron imp
   140 | Abyss:1  | Noticed a large abomination
   142 | D:1      | Escaped the Abyss
   197 | D:1      | Reached skill level 4 in Fighting
   268 | D:1      | Reached XP level 2. HP: 28/28 MP: 2/2
   387 | D:1      | Reached * piety under Lugonu
   565 | D:1      | Reached skill level 5 in Fighting
   638 | D:2      | Reached XP level 3. HP: 36/36 MP: 3/3
   968 | D:2      | Reached skill level 6 in Fighting
   968 | D:2      | Reached XP level 4. HP: 42/44 MP: 4/4
  1478 | D:3      | Reached ** piety under Lugonu
  1605 | D:3      | Reached XP level 5. HP: 40/51 MP: 5/5
  1846 | D:4      | Reached skill level 7 in Fighting
  1893 | D:4      | Noticed an ogre
  1902 | D:4      | Killed an ogre
  1902 | D:4      | Reached skill level 8 in Fighting
  1902 | D:4      | Reached XP level 6. HP: 27/61 MP: 6/6
  2390 | D:5      | Entered Level 5 of the Dungeon
  2426 | D:5      | Noticed Pikel
  2426 | D:5      | Noticed a slave
  2426 | D:5      | Noticed a slave
  2426 | D:5      | Noticed a slave
  2431 | D:5      | Noticed a slave
  2485 | D:5      | Noticed a sky beast
  2499 | D:5      | Killed a sky beast
  2499 | D:5      | Reached XP level 7. HP: 14/68 MP: 8/8
  2642 | D:6      | Killed Pikel
  2642 | D:6      | Reached skill level 5 in Invocations
  2642 | D:6      | Reached XP level 8. HP: 36/74 MP: 8/10
  2710 | D:5      | Reached skill level 1 in Maces & Flails
  2928 | D:5      | Reached *** piety under Lugonu
  3239 | D:5      | Found a runed translucent door.
  3240 | D:5      | Noticed Tux's ghost (novice FoEE)
  3334 | D:6      | Reached skill level 5 in Maces & Flails
  3343 | D:6      | Found a bloodstained altar of Trog.
  3611 | D:6      | Killed from afar by an orc priest

Levels and vault maps discovered:
D:1:      psy_arrival_terrarium, layout_basic
D:2:      layout_loops_ring, first_ration, st_stairs_4, grunt_ministairs_10
D:3:      layout_basic
D:4:      layout_cave_pools, serial_bayou_lagoon_a, corexii_hall_statues_s
D:5:      lemuel_ratsnest, layout_basic, ebering_ghost_reflecting_pool,
          uniq_pikel
D:6:      layout_loops_ring, kennysheep_mini

Skill      XL: |  1  2  3  4  5  6  7  8 |
---------------+-------------------------+-----
Fighting       | 4 5 6 8 |  8.1
Invocations    | 3 5 6 |  6.0
Armour         | 4 6 |  6.4
Maces & Flails | 7 |  7.5
Long Blades    | |  2.4
Dodging        | |  1.1

Action                   |  1- 3 |  4- 6 |  7- 9 || total
-------------------------+-------+-------+-------++-------
Melee: Falchion          |    66 |   133 |    28 ||   227
       Headbutt          |    10 |    16 |    43 ||    69
       Whip              |       |       |   211 ||   211
Invok: Depart the Abyss  |     1 |       |       ||     1
  Use: Scroll            |       |    12 |     1 ||    13
       Potion            |       |     1 |       ||     1
  Eat: Chunk             |    13 |     3 |       ||    16
Armor: Scale mail        |    32 |     4 |       ||    36
       Chain mail        |       |    67 |   107 ||   174
Dodge: Dodged            |    32 |    78 |    89 ||   199
       Rpst.: Falchion   |     6 |    18 |     3 ||    27

Table legend:
 A = Non-vault XP
 B = Vault XP
 C = Vault XP percentage of total XP
 D = Non-vault monster count
 E = Vault monster count
 F = Vault count percentage of total count
                 A         B        C        D         E       F
            +---------+---------+-------+---------+---------+-------
      Total |    1949 |     841 |  30.1 |      90 |      42 |  31.8
            +---------+---------+-------+---------+---------+-------
        D:1 |      36 |       0 |   0.0 |      16 |       0 |   0.0
        D:2 |      61 |      10 |  14.1 |      15 |       4 |  21.1
        D:3 |      90 |       0 |   0.0 |      24 |       0 |   0.0
        D:4 |     252 |       0 |   0.0 |       9 |       0 |   0.0
        D:5 |     464 |     180 |  28.0 |      11 |      37 |  77.1
        D:6 |    1046 |     651 |  38.4 |      15 |       1 |   6.2
            +---------+---------+-------+---------+---------+-------
